 Dungeon Crawl Stone Soup version 0.27-a0-1049-g450f9b2e0d (webtiles) character file.

Game seed: 8538129659603660050

124766 EnegeticOcto the Severer (level 16, -14/158 HPs)
             Began as a Deep Dwarf Fighter on Apr 20, 2021.
             Was the Champion of Makhleb.
             Demolished by a naga
             ... wielding a +0 glaive
              (31 damage)
             ... on level 4 of the Snake Pit.
             The game lasted 00:11:04 (15181 turns).

EnegeticOcto the Severer (Deep Dwarf Fighter)      Turns: 15181, Time: 00:11:05

Health: -14/158    AC: 32    Str: 27    XL:     16   Next: 40%
Magic:  14/14      EV:  5    Int: 14    God:    Makhleb [******]
Gold:   2342       SH: 16    Dex: 15    Spells: 15/15 levels left

rFire    + . .     SeeInvis .   a - +4 broad axe of Pyromania {speed, *Noise rC+ Str+3 Dex+3}
rCold    + + +     Faith    +   c - +1 kite shield
rNeg     + . .     Spirit   .   v - +8 plate armour "Nihudoukk" {Int+2 Stlth+}
rPois    +         Reflect  .   q - +2 helmet
rElec    +         Harm     +   H - scarf {harm}
rCorr    +         Rampage  .   p - +2 pair of gloves
Will     +++..                  C - +0 pair of boots "Miti" {rElec Str-2 Int+2}
Stlth    ..........             w - amulet of faith
HPRegen  0.00/turn              O - ring of Ycurysk {rF+ rC++ Will+ rCorr Stlth+}
MPRegen  0.14/turn              F - ring of poison resistance

@: mighty, lethally poisoned (-14 -> -14), non-regenerating, slowed,
constricted, very slow
A: damage resistance, heal wounds, negative energy resistance 1, sense
surroundings 2, no regeneration
a: Heal Wounds, Renounce Religion, Minor Destruction, Lesser Servant of Makhleb,
Major Destruction, Greater Servant of Makhleb


You were on level 4 of the Snake Pit.
You worshipped Makhleb.
Makhleb was exalted by your worship.
You visited 3 branches of the dungeon, and saw 23 of its levels.
You visited the Abyss 1 time.
You also visited: Ossuary and Bailey.

You collected 2789 gold pieces.
You spent 447 gold pieces at shops.

Inventory:

Hand Weapons
 a - the +4 broad axe of Pyromania (weapon) {speed, *Noise rC+ Str+3 Dex+3}
   (You found it on level 7 of the Dungeon)

   Attacks with this weapon are significantly faster.
   It affects your strength (+3).
   It affects your dexterity (+3).
   It protects you from cold.
   It may make noises in combat.
 j - a +4 vorpal war axe
Missiles
 o - 15 curare-tipped darts
 B - 8 throwing nets
Armour
 c - a +1 kite shield (worn)
 p - a +2 pair of gloves (worn)
 q - a +2 helmet (worn)
 v - the +8 plate armour "Nihudoukk" (worn) {Int+2 Stlth+}
   (You found it on level 9 of the Dungeon)

   It affects your intelligence (+2).
   It makes you more stealthy.
 C - the +0 pair of boots "Miti" (worn) {rElec Str-2 Int+2}
   (You bought it in a shop on level 10 of the Dungeon)

   It affects your strength (-2).
   It affects your intelligence (+2).
   It insulates you from electricity.
 H - a scarf of harm (worn)
Jewellery
 m - a +6 ring of strength
 w - an amulet of faith (around neck)
 F - a ring of poison resistance (right hand)
 O - the ring of Ycurysk (left hand) {rF+ rC++ Will+ rCorr Stlth+}
   (You acquired it on level 13 of the Dungeon)

   [ring of resist corrosion]

   It protects you from fire.
   It greatly protects you from cold.
   It protects you from acid and corrosion.
   It increases your willpower.
   It makes you more stealthy.
 Q - the ring "Waagay" {rCorr Dex+3}
   (You found it on level 15 of the Dungeon)

   [ring of resist corrosion]

   It affects your dexterity (+3).
   It protects you from acid and corrosion.
 S - a ring of resist corrosion
Wands
 e - a wand of iceblast (47) {@v2}
 n - a wand of polymorph (10)
 u - a wand of paralysis (7)
 L - a wand of mindburst (14)
Scrolls
 b - a scroll of silence
 f - 12 scrolls of teleportation {@r3}
 k - 2 scrolls of immolation
 l - a scroll of blinking {@r4}
 r - a scroll of identify {@r1}
 y - 5 scrolls of amnesia {unknown}
 I - 4 scrolls of enchant weapon
 J - a scroll of vulnerability {unknown}
 K - 2 scrolls of fog
 M - 2 scrolls of magic mapping {@r5}
 N - 3 scrolls of holy word
 P - a scroll of brand weapon {unknown}
Potions
 d - 5 potions of might {@q3}
 g - 4 potions of resistance {@q5}
 h - 4 potions of curing {@q1}
 i - a potion of attraction
 s - 3 potions of ambrosia
 t - 3 potions of cancellation
 z - 2 potions of flight
 A - a potion of brilliance
 D - 3 potions of mutation
 E - 5 potions of haste {@q4}
 G - 4 potions of heal wounds {@q2}
 R - 2 potions of lignification
 T - a potion of berserk rage
Miscellaneous
 x - a phantom mirror


   Skills:
 * Level 13.8 Fighting
 * Level 17.6 Axes
 + Level 13.2 Armour
 - Level 15.0 Shields
 + Level 14.8 Invocations


You had 15 spell levels left.
You didn't know any spells.
Your spell library was empty.

Dungeon Overview and Level Annotations

Branches:
Dungeon (15/15)            Temple (0/1) D:5            Lair (4/6) D:11
  Swamp (0/4) Lair:2        Snake (4/4) Lair:4          Orc (0/2) D:10
 Vaults (0/5) D:13         Depths (0/5) D:15        Ossuary (visited)
 Bailey (visited)

Altars:
Elyvilon
Hepliaklqana
Makhleb
Nemelex Xobeh
Okawaru
Ru
Sif Muna
Uskayaw
Vehumet
Zin
Beogh

Shops:
D:10 [(   Snake:1 :?(

Annotations:
D:5 exclusion: statue
D:7 2 runed translucent doors
Lair:2 exclusion: oklob plant


Innate Abilities, Weirdness & Mutations

You are resistant to damage.
You can heal yourself by infusing magical energy.
You resist negative energy. (rN+)
You passively map the area around you.
You do not regenerate.


Message History

You block the naga mage's attack. x2; The naga closely misses you.
The naga ritualist barely misses you. The naga ritualist grabs you.
The naga ritualist constricts you.
Items here: )) [[ †.
You slice the naga ritualist!!
You kill the naga ritualist!
Makhleb accepts your kill.
You feel better.
You hit the naga mage.
You hit the naga warrior but do no damage.
The naga mage points at you and mumbles some strange words.
The bolt of poison misses you.
The naga hits you from afar with a +0 glaive!!
The naga warrior spits poison at you.
The splash of poison hits you but does no damage.
You are more poisoned.
You have difficulty breathing.
You feel yourself slow down.
You slash the naga mage!
The naga mage is heavily wounded.
You slash the naga warrior! You slash the naga mage!
You feel very sick. You block the naga mage's attack.
The naga mage completely misses you.
You slice the naga mage!!
You kill the naga mage!
Makhleb accepts your kill. The naga warrior blocks your attack.
You slash the naga mage!
You feel very sick. The naga mage spits poison at you.
The splash of poison misses you. You block the naga warrior's attack.
The naga warrior grabs you. The naga warrior constricts you.
The naga closely misses you.
A naga mage comes into view. It is wielding a +0 spear.
A naga sharpshooter comes into view. It is wielding a +0 flail.
The naga mage barely misses you.
The naga mage shouts!
You slice the naga warrior!!
The naga warrior is heavily wounded.
You closely miss the naga mage.
You feel sick.
You hear a shout!
The naga warrior hits you but does no damage.
The naga warrior constricts you.
The naga hits you from afar with a +0 halberd!!
* * * LOW HITPOINT WARNING * * *
The naga spits poison at you. You block the splash of poison.
The naga mage hits you with a +0 flail!
* * * LOW HITPOINT WARNING * * *
You are too injured to fight recklessly!
You are too injured to fight recklessly!
You are too injured to fight recklessly!
You are too injured to fight recklessly!
You are too injured to fight recklessly!
You are too injured to fight recklessly!
You are too injured to fight recklessly!
You are too injured to fight recklessly!
You are too injured to fight recklessly!
You are too injured to fight recklessly!
You are too injured to fight recklessly!
You are too injured to fight recklessly!
You are too injured to fight recklessly!
You are too injured to fight recklessly!
You are too injured to fight recklessly!
You are too injured to fight recklessly!
You are too injured to fight recklessly!
You are too injured to fight recklessly!
You are too injured to fight recklessly!
You are too injured to fight recklessly!
You are too injured to fight recklessly!
You are too injured to fight recklessly!
You are too injured to fight recklessly!
You are too injured to fight recklessly!
You feel much better.
The naga ritualist no longer looks unusually strong.
The naga mage hits you but does no damage.
The naga mage mumbles some strange words.
The naga mage seems to speed up.
The naga warrior hits you with a +0 mace!!
* * * LOW HITPOINT WARNING * * *
The naga warrior constricts you. The naga hits you but does no damage.
You block the naga's attack.
The naga sharpshooter unwields a +0 flail.
The naga sharpshooter wields a +0 shortbow.
The naga sharpshooter mumbles some strange words.
The naga sharpshooter magically shoots an arrow.
You block the arrow.
The naga mage hits you but does no damage.
The naga warrior hits you with a +0 scimitar.
The naga mage points at the naga sharpshooter and mumbles some strange words.
You feel much better.
The naga no longer looks unusually strong.
The naga mage barely misses you.
The naga warrior hits you with a +0 mace!
* * * LOW HITPOINT WARNING * * *
x2 The naga warrior constricts you.
The naga hits you from afar with a +0 halberd!
* * * LOW HITPOINT WARNING * * *
You block the naga's attack. You block the naga warrior's attack.
The naga mage spits poison at you.
The splash of poison hits you but does no damage.
You resist. You block the naga's attack.
The naga hits you from afar with a +0 glaive!!
You die...

##. ..⌠...###, ,,
* , ,
,##..#........# ,,
* , ,
#....N..N.....* ,
, ,
#....#.....#..* *
, #.............*
* #...N)........ *
* #..NNNN)...... *
###NNN##...###
##@## #.## #####
#.# #.# #...## #.#
#.# #.#..# . #.#
#.####....#.. #.#
#...).......# #.#
#####.#.....#
#.########)......#
#.............###.
####..............


You could see 3 naga warriors, a naga sharpshooter, a naga ritualist, 2 naga
magi and 3 nagas.

Vanquished Creatures
  Rupert (D:13)
  3 tentacled starspawn (Abyss:2)
  Gastronok (D:9)
  Agnes (Snake:4)
  4 nagarajas (Snake:4)
  Aizul (Snake:4)
  A very ugly thing (D:15)
  2 salamander tyrants (Snake:4)
  A great orb of eyes (D:15)
  4 boulder beetles
  4 hydras
  An ogre mage (D:13)
  A catoblepas (shapeshifter) (D:15)
  A rakshasa (D:15)
  Harold (D:11)
  6 naga warriors
  Erica (D:11)
  3 two-headed ogres
  6 centaur warriors
  6 anacondas
  3 tengu warriors
  3 hell hogs (Abyss:2)
  3 naga sharpshooters (Snake:1)
  Urug (D:12)
  3 shock serpents
  A deep elf knight (D:13)
  5 skeletal warriors (D:14)
  3 salamander mystics (Snake:4)
  2 orc knights
  5 naga ritualists
  2 wizards
  5 deep elf pyromancers
  7 ugly things
  11 mana vipers
  8 cyclopes
  3 slime creatures (D:15)
  7 elephants
  6 salamanders
  Maurice (D:10)
  6 centaur zombies
  2 guardian serpents (Snake:3)
  35 black mambas
  9 naga magi
  2 torpor snails
  3 gargoyles
  6 cane toads
  A freezing wraith (D:14)
  3 komodo dragons
  2 rime drakes
  A yaktaur (D:13)
  A tengu conjurer (D:12)
  An ancient zyme (Abyss:2)
  A troll (D:7)
  A queen bee (D:14)
  6 meliai
  A troll (shapeshifter) (D:13)
  A merfolk (D:9)
  A raiju (Abyss:2)
  A hornet (D:8)
  A polar bear (Lair:3)
  A meliai zombie (D:11)
  An ettin skeleton (Abyss:2)
  A shadow (D:11)
  7 wyverns
  3 wraiths
  A spriggan (shapeshifter) (D:15)
  A vampire (D:12)
  50 yaks
  3 basilisks
  2 small abominations (Abyss:2)
  A steam dragon (D:7)
  10 vampire mosquitoes
  22 nagas
  A large abomination (Abyss:2)
  3 acid dragons
  A water moccasin (shapeshifter) (D:15)
  Duvessa (D:6)
  8 water moccasins
  2 sky beasts (D:7)
  2 ice beasts (D:7)
  3 black bears
  10 orc warriors
  A boggart (D:13)
  11 wolves
  7 ogres
  10 centaurs
  2 kobold brigands (D:13)
  10 gnoll sergeants
  8 bullfrogs
  A wyvern zombie (D:6)
  Dowan (D:6)
  2 water moccasin zombies
  A water moccasin skeleton (D:7)
  8 wights (D:7)
  31 killer bees
  3 electric eels
  2 howler monkeys (D:13)
  4 jellies
  2 quasits (Abyss:2)
  9 gnoll shamans
  Crazy Yiuf (D:4)
  5 orc priests
  4 hounds
  A centaur skeleton (D:7)
  3 bullfrog skeletons
  Terence (D:3)
  5 iguanas
  A scorpion zombie (D:5)
  Natasha (D:3)
  16 orc wizards
  A killer bee zombie (D:7)
  A hound zombie (D:5)
  4 mummies
  A howler monkey zombie (D:9)
  31 gnolls
  7 adders
  5 white imps
  An ufetubus (D:7)
  3 adder zombies (Ossuary)
  A worm (D:2)
  A dart slug (D:2)
  44 orcs
  5 endoplasms
  3 giant cockroaches
  A gnoll zombie (Ossuary)
  6 goblins
  4 hobgoblins
  8 jackals
  3 quokkas
  A ball python (D:3)
  2 bats
  3 goblin zombies (Ossuary)
  4 hobgoblin zombies (Ossuary)
  9 kobolds
  A kobold zombie (Ossuary)
  An orc zombie (Ossuary)
  5 quokka zombies (Ossuary)
  4 rats
  2 starspawn tentacles (Abyss:2)
660 creatures vanquished.

Vanquished Creatures (collateral kills)
  An ugly thing (D:15)
1 creature vanquished.

Vanquished Creatures (others)
  20 fungi
  14 plants
  4 starspawn tentacles (Abyss:2)
38 creatures vanquished.

Grand Total: 699 creatures vanquished

Notes
Turn   | Place    | Note
-------+----------+-------------------------------------------
     0 | D:1      | EnegeticOcto the Deep Dwarf Fighter began the quest for the
                  | Orb.
     0 | D:1      | Reached XP level 1. HP: 20/20 MP: 1/1
   238 | D:2      | Reached XP level 2. HP: 16/27 MP: 2/2
   503 | D:2      | Found a burning altar of Makhleb.
   668 | D:2      | Became a worshipper of Makhleb the Destroyer
   688 | D:3      | Reached skill level 3 in Axes
   688 | D:3      | Reached XP level 3. HP: 33/33 MP: 3/3
   699 | D:3      | Found an iron altar of Okawaru.
   862 | D:3      | Found a faded altar of an unknown god.
  1047 | D:3      | Noticed Natasha
  1050 | D:3      | Killed Natasha
  1051 | D:3      | Reached skill level 1 in Invocations
  1051 | D:3      | Reached XP level 4. HP: 26/42 MP: 4/4
  1148 | D:3      | Reached * piety under Makhleb
  1157 | D:3      | Noticed Terence
  1175 | D:3      | Killed Terence
  1619 | D:4      | Reached skill level 4 in Axes
  1619 | D:4      | Reached XP level 5. HP: 44/49 MP: 6/6
  1747 | D:4      | Found a runed translucent door.
  1748 | D:4      | Noticed Crazy Yiuf
  1753 | D:4      | Killed Crazy Yiuf
  2103 | D:5      | Entered Level 5 of the Dungeon
  2160 | D:5      | Noticed an orc warrior
  2164 | D:5      | Noticed a centaur warrior zombie
  2166 | D:5      | Killed an orc warrior
  2167 | D:5      | Reached XP level 6. HP: 34/56 MP: 6/8
  2200 | D:5      | Reached skill level 5 in Axes
  2200 | D:5      | Reached XP level 7. HP: 34/64 MP: 9/9
  2265 | D:5      | Found a sparkling altar of Nemelex Xobeh.
  2380 | D:5      | Reached skill level 5 in Shields
  2438 | D:5      | Found a staircase to the Ecumenical Temple.
  2459 | D:5      | Reached skill level 5 in Armour
  2481 | D:5      | Reached skill level 6 in Axes
  2585 | D:5      | Found a radiant altar of Vehumet.
  2768 | D:5      | Reached XP level 8. HP: 33/73 MP: 11/11
  2940 | D:6      | Identified a scroll of acquirement
  2940 | D:6      | Acquired 721 gold pieces
  2972 | D:5      | Reached ** piety under Makhleb
  3004 | D:6      | Noticed Duvessa
  3015 | D:6      | Reached skill level 7 in Axes
  3027 | D:6      | Reached skill level 5 in Invocations
  3092 | D:6      | Noticed Dowan
  3101 | D:6      | Killed Duvessa
  3106 | D:6      | Killed Dowan
  3210 | D:6      | Found a runed translucent door.
  3231 | D:6      | Reached skill level 5 in Fighting
  3253 | D:6      | Gained mutation: You passively map the area around you.
                  | [Deep Dwarf growth]
  3253 | D:6      | Reached XP level 9. HP: 63/81 MP: 13/13
  3256 | D:6      | Reached skill level 8 in Axes
  3441 | D:6      | Found a hazy altar of Hepliaklqana.
  3657 | D:6      | Found a sand-covered staircase.
  3667 | Ossuary  | Entered an ossuary
  3696 | Ossuary  | Reached *** piety under Makhleb
  3862 | D:7      | Noticed a troll
  3870 | D:7      | Killed a troll
  3902 | D:7      | Found a large runed translucent door.
  3902 | D:7      | Found a large runed translucent door.
  3974 | D:7      | Found a large runed translucent door.
  3974 | D:7      | Found a large runed translucent door.
  3974 | D:7      | Noticed a komodo dragon
  4083 | D:7      | Reached skill level 9 in Axes
  4088 | D:7      | Identified the +4 broad axe of Pyromania {speed, *Noise rC+
                  | Str+3 Dex+3}
  4160 | D:7      | Reached **** piety under Makhleb
  4170 | D:7      | Found a shimmering blue altar of Sif Muna.
  4367 | D:7      | Reached XP level 10. HP: 79/91 MP: 15/15
  4632 | D:7      | HP: 1/89 [ogre/+0 giant club (17)]
  4795 | D:7      | Reached skill level 10 in Axes
  5390 | D:8      | Found a sacrificial altar of Ru.
  5739 | D:9      | Found a hide-covered altar of Uskayaw.
  5998 | D:9      | Noticed Gastronok
  6016 | D:9      | Killed Gastronok
  6017 | D:9      | Reached skill level 11 in Axes
  6017 | D:9      | Reached XP level 11. HP: 98/99 MP: 15/15
  6123 | D:9      | Identified the +8 plate armour "Nihudoukk" {Int+2 Stlth+}
  6153 | D:9      | Found a glowing silver altar of Zin.
  6502 | D:10     | Entered Level 10 of the Dungeon
  6560 | D:10     | Found a flagged portal.
  6570 | Bailey   | Entered a bailey
  6583 | Bailey   | Reached ***** piety under Makhleb
  6689 | Bailey   | Identified the +8 demon blade of Resourcefulness {venom,
                  | rPois Will- Str+3}
  7064 | D:10     | Noticed an orc knight
  7067 | D:10     | Found Isietos's Armour Shoppe.
  7088 | D:10     | Killed an orc knight
  7098 | D:10     | Found a staircase to the Orcish Mines.
  7103 | D:10     | Found Rycwium's Weapon Shoppe.
  7111 | D:10     | Bought the +0 pair of boots "Miti" {rElec Str-2 Int+2} for
                  | 314 gold pieces
  7115 | D:10     | Noticed Maurice
  7148 | D:10     | Killed Maurice
  7149 | D:10     | Reached skill level 10 in Shields
  7375 | D:10     | Found a white marble altar of Elyvilon.
  7483 | D:10     | Acquired a scarf of harm
  7602 | D:11     | Reached skill level 12 in Axes
  7603 | D:11     | Noticed Harold
  7611 | D:11     | Killed Harold
  7662 | D:11     | Found a shimmering blue altar of Sif Muna.
  7779 | D:11     | Found a staircase to the Lair.
  7953 | D:11     | Noticed a boulder beetle
  7961 | D:11     | Killed a boulder beetle
  7962 | D:11     | Reached skill level 10 in Invocations
  8037 | D:11     | Noticed Erica
  8044 | D:11     | Killed Erica
  8045 | D:11     | Reached XP level 12. HP: 111/111 MP: 16/16
  8413 | D:12     | Noticed Urug
  8426 | D:12     | Noticed a two-headed ogre
  8431 | D:12     | Killed Urug
  8437 | D:12     | Killed a two-headed ogre
  8637 | D:12     | Reached ****** piety under Makhleb
  8801 | D:12     | Noticed a tengu warrior
  8811 | D:12     | Killed a tengu warrior
  9044 | D:12     | Reached skill level 13 in Axes
  9207 | D:13     | Noticed a centaur warrior
  9208 | D:13     | Noticed a centaur warrior
  9212 | D:13     | Killed a centaur warrior
  9218 | D:13     | Killed a centaur warrior
  9219 | D:13     | Reached skill level 10 in Armour
  9241 | D:13     | Noticed Rupert
  9273 | D:13     | Killed Rupert
  9296 | D:13     | Noticed a four-headed hydra
  9302 | D:13     | Killed an eight-headed hydra
  9326 | D:13     | Noticed a tengu warrior
  9334 | D:13     | Killed a tengu warrior
  9335 | D:13     | Reached XP level 13. HP: 107/122 MP: 14/14
  9373 | D:13     | Cast into level 2 of the Abyss (a wizard)
  9415 | Abyss:2  | Noticed a tentacled starspawn
  9423 | Abyss:2  | Killed a tentacled starspawn
  9488 | Abyss:2  | Noticed a tentacled starspawn
  9498 | Abyss:2  | Killed a tentacled starspawn
  9499 | Abyss:2  | Reached skill level 10 in Fighting
  9524 | Abyss:2  | Reached skill level 14 in Axes
  9593 | Abyss:2  | Noticed a tentacled starspawn
  9604 | Abyss:2  | Killed a tentacled starspawn
  9635 | D:13     | Escaped the Abyss
  9879 | D:13     | Found a gate to the Vaults.
 10129 | D:13     | Acquired the ring of Ycurysk {rF+ rC++ Will+ rCorr Stlth+}
 10211 | D:14     | Gained mutation: You resist negative energy. (rN+) [Deep
                  | Dwarf growth]
 10211 | D:14     | Reached XP level 14. HP: 133/133 MP: 16/16
 10650 | D:14     | Reached skill level 15 in Axes
 10889 | D:15     | Entered Level 15 of the Dungeon
 11087 | D:15     | Identified the ring "Waagay" {rCorr Dex+3}
 11503 | D:15     | Noticed a cyan very ugly thing
 11516 | D:15     | Killed a cyan very ugly thing
 11544 | D:15     | Noticed a storm dragon
 11550 | D:15     | a storm dragon changed into a catoblepas
 11567 | D:15     | Found a staircase to the Depths.
 11797 | Lair:1   | Entered Level 1 of the Lair of Beasts
 12323 | Lair:2   | Found a staircase to the Swamp.
 13248 | Lair:3   | Reached XP level 15. HP: 144/144 MP: 13/15
 13621 | Lair:4   | Acquired 708 gold pieces
 13744 | Lair:4   | Found a staircase to the Snake Pit.
 13770 | Lair:4   | Reached skill level 16 in Axes
 13822 | Snake:1  | Entered Level 1 of the Snake Pit
 13835 | Snake:1  | Reached skill level 15 in Shields
 14028 | Snake:1  | Found Joleod's Book Shop.
 14028 | Snake:1  | Found Dixih's Magic Scroll Boutique.
 14028 | Snake:1  | Found Leneog's Antique Weapon Shop.
 14057 | Snake:1  | Bought a scroll of magic mapping for 49 gold pieces
 14057 | Snake:1  | Bought a scroll of teleportation for 42 gold pieces
 14057 | Snake:1  | Bought a scroll of teleportation for 42 gold pieces
 14651 | Snake:4  | Entered Level 4 of the Snake Pit
 14663 | Snake:4  | Noticed Aizul
 14705 | Snake:4  | Killed Aizul
 14781 | Snake:4  | Noticed Agnes
 14819 | Snake:4  | Reached skill level 17 in Axes
 14827 | Snake:4  | Reached XP level 16. HP: 89/157 MP: 5/14
 14832 | Snake:4  | Killed Agnes
 15181 | Snake:4  | Demolished by a naga

Illustrated notes

Levels and vault maps discovered:
D:1:      amcnicky_arrival_choice, layout_basic, chequers_serial_rivers_large_b,
          kennysheep_doodads, minmay_hexomino_u4
D:2:      layout_basic, kennysheep_flooded_box, corner_web_ring
D:3:      layout_loops_ring, old_standard_altar, basic_ecumenical_altar,
          hangedman_decor_opposing, uniq_terence, uniq_natasha
D:4:      layout_cave_pods, uniq_crazy_yiuf_cottage
D:5:      layout_loops_corners, nemelex_diamond_rough_becter, vehumet_statue,
          minmay_temple_entry_sparse_star
D:6:      layout_cave_pools, kennysheep_mini, gup_ossuary_entry_pyramid,
          st_stairs_4, lightli_church_of_beogh, uniq_duvessa
D:7:      minmay_skewed_foursquare, layout_gridville, overflow_temple_1_default,
          minivault_22, minmay_hollow_rounded_squares
D:8:      layout_gridville, nicolae_ru_the_path_less_chosen
D:9:      layout_long_grid, zin_academy, nicolae_overflow_crystal_walls,
          hangedman_fish_farm, uniq_gastronok
D:10:     layout_gridville, lemuel_round_altar, orc_david_3, enter_bailey_2,
          uniq_maurice
D:11:     layout_roguey, david_lair_generic, tgw_sif, uniq_erica, uniq_harold
D:12:     layout_loops_corners, uniq_urug
D:13:     layout_rooms, hangedman_vaults_entry_quadrant_bands, grunt_potential,
          uniq_rupert
D:14:     layout_rooms, nrook_mini_backslash, minivault_7
D:15:     gammafunk_enter_depths_forms, layout_loops_ring,
          corexii_hall_statues_s, serial_park_tiny_pond,
          ebering_dispersal_statue_hall
Lair:1:   layout_regular_city, serial_bayou_shore_b
Lair:2:   layout_cave_pods, minmay_swamp_entry_swarm, minmay_lair_oklob_chamber
Lair:3:   layout_chaotic_city, infiniplex_staircase_pool
Lair:4:   layout_loops_ring, minmay_snake_entry_guardpost_medium
Snake:1:  layout_layer_cave, drop_trap, minmay_shop_star
Snake:2:  layout_chambers, lemuel_fruit_tree, serial_bayou_shore_b
Snake:3:  layout_cave_town, drop_trap, serial_bayou_shore_a
Snake:4:  snake_pit, layout_misc_corridors, uniq_aizul, uniq_agnes

Skill      XL: |  1  2  3  4  5  6  7  8  9 10 11 12 13 14 15 16 |
---------------+-------------------------------------------------+-----
Axes           | 3 4 5 6 7 9 11 12 13 14 15 17 | 17.6
Fighting       | 3 4 5 6 8 9 10 12 13 | 13.8
Invocations    | 1 2 3 4 5 7 8 10 11 12 13 14 | 14.8
Armour         | 4 5 6 7 8 9 10 11 12 13 | 13.2
Shields        | 4 5 6 7 9 11 12 13 14 15 | 15.0

Action                   |  1- 3 |  4- 6 |  7- 9 | 10-12 | 13-15 | 16-18 || total
-------------------------+-------+-------+-------+-------+-------+-------++-------
Melee: War axe           |    34 |       |    26 |       |       |       ||    60
       Hand axe          |    40 |    81 |   210 |       |       |       ||   331
       Broad axe         |       |       |    47 |   515 |  1053 |   139 ||  1754
Invok: Minor Destruction |       |       |       |     1 |       |       ||     1
       Lesser Servant of |       |       |       |     3 |     1 |     1 ||     5
       Major Destruction |       |       |       |       |     3 |       ||     3
 Abil: Heal Wounds       |     1 |     2 |     4 |    16 |    33 |     8 ||    64
Evoke: Wand              |       |       |       |     1 |       |       ||     1
       Phantom mirror    |       |       |       |     1 |       |       ||     1
  Use: Scroll            |       |       |    17 |     6 |    13 |       ||    36
       Potion            |       |       |       |     1 |       |     1 ||     2
 Stab: Distracted        |       |       |       |       |     1 |       ||     1
Armor: Scale mail        |    31 |    21 |       |       |       |       ||    52
       Plate armour      |       |    10 |   203 |   288 |   426 |    55 ||   982
Dodge: Dodged            |    26 |    19 |    45 |   115 |   182 |    22 ||   409
Block: Kite shield       |    26 |    43 |   198 |   341 |   643 |    95 ||  1346

Table legend: (Time is in decaauts)
 A = Elapsed time spent in this place.
 B = Non-inter-level travel time spent in this place.
 C = Inter-level travel time spent in this place.
 D = Time resting spent in this place.
 E = Time spent auto-exploring this place.
 F = Levels seen in this place.
 G = Mean time per level.
                   A        B        C        D        E       F      G
               +--------+--------+--------+--------+--------+-----+--------+
         Total |  14639 |  13869 |    770 |      0 |  10794 |  26 |  563.0 |
       Dungeon |  10846 |  10267 |    579 |      0 |   8291 |  15 |  723.1 |
          Lair |   1889 |   1808 |     81 |      0 |   1442 |   4 |  472.2 |
     Snake Pit |   1139 |   1030 |    109 |      0 |    614 |   4 |  284.8 |
         Abyss |    240 |    240 |      0 |      0 |    162 |   1 |  240.0 |
       Ossuary |    134 |    134 |      0 |      0 |     63 |   1 |  134.0 |
        Bailey |    388 |    388 |      0 |      0 |    222 |   1 |  388.0 |
               +--------+--------+--------+--------+--------+-----+--------+

Top non-repeatable levels by time:
     D:7: 1032 daAuts
     D:5: 898 daAuts
    D:12: 872 daAuts
     D:8: 855 daAuts
     D:4: 830 daAuts
  Lair:2: 788 daAuts
    D:15: 780 daAuts
     D:9: 757 daAuts
     D:6: 735 daAuts
    D:11: 729 daAuts
    D:13: 693 daAuts
  Lair:3: 671 daAuts
    D:10: 667 daAuts
    D:14: 662 daAuts
     D:3: 625 daAuts
